 Dungeon Crawl Stone Soup version 0.25-a0-667-gb977e01cb5 (webtiles) character file.

Game seed: 15493408736313517666, levelgen mode: deterministic

109 Alarkh the Ruffian (level 4, 0/35 HPs)
             Began as a Demonspawn Fighter on Mar 27, 2020.
             Succumbed to an orc wizard's poison
             ... on level 2 of the Dungeon.
             The game lasted 00:03:16 (2918 turns).

Alarkh the Ruffian (Demonspawn Fighter)             Turns: 2918, Time: 00:03:16

Health: 0/35       AC:  9    Str: 13 (16) XL:     4   Next: 59%
Magic:  4/4        EV:  6    Int: 11      God:
Gold:   41         SH:  8    Dex:  9 (12) Spells: 3/3 levels left

rFire    . . .     SeeInvis .     - Unarmed
rCold    . . .     Gourm    .   b - +0 kite shield
rNeg     . . .     Faith    .   a - +0 scale mail
rPois    .         Spirit   .   (helmet restricted)
rElec    .         Reflect  .   e - +1 cloak
rCorr    .         Harm     .   (no gloves)
MR       .....                  o - +0 pair of boots
Stlth    +.........             (no amulet)
HPRegen  0.11/turn              j - ring of stealth
MPRegen  0.09/turn              (no ring)

@: mighty, brilliant, lethally poisoned (0 -> -16), flying
A: horns 1, powered by death 1
a: no special abilities


You were on level 2 of the Dungeon.
You were not hungry.

You visited 1 branch of the dungeon, and saw 3 of its levels.

You collected 41 gold pieces.

Inventory:

Armour
 a - a +0 scale mail (worn)
 b - a +0 kite shield (worn)
 e - a +1 cloak (worn)
 o - a +0 pair of boots (worn)
Jewellery
 j - a ring of stealth (left hand)
Scrolls
 g - 2 scrolls of remove curse
 i - a scroll of identify {unknown}
 l - a scroll of teleportation {unknown}
Potions
 h - a potion of degeneration
Comestibles
 d - 2 rations


   Skills:
 - Level 3.0 Fighting
 - Level 2.6 Armour
 - Level 2.6 Shields
 + Level 4.4 Unarmed Combat


You had 3 spell levels left.
You didn't know any spells.
Your spell library was empty.

Dungeon Overview and Level Annotations

Branches:
Dungeon (3/15)

Altars:
Cheibriados

Annotations:
D:3 Robin


Innate Abilities, Weirdness & Mutations

You have a pair of small horns on your head.
You regenerate a little health from kills.


Message History

You feel sick.
Items here: ( )))) a +0 dagger; a +2 hunting sling of freezing; 12 sling bullets; a +0 dagger a +0 club
* * * LOW HITPOINT WARNING * * *
You feel sick.
Things that are here:
a +0 club; a goblin corpse; a goblin skeleton
* * * LOW HITPOINT WARNING * * *
You feel sick.
* * * LOW HITPOINT WARNING * * *
You feel sick.
* * * LOW HITPOINT WARNING * * *
You feel sick.
Items here: ( )))) a +0 dagger; a +2 hunting sling of freezing; 12 sling bullets; a +0 dagger a +0 club You barely miss the orc wizard.
The orc wizard is severely wounded.
You die...

#......# ##. #......# #.
#..)...# #. #.##'### #.
#.##.# #.
#.##.#################.
#.##.#..............)..
#.##..o)......).....##.
##.####@#######..)......
#......>)รท..............
###############.#.#####.
#.#.#####. #.#.......
#.#..#.... #<#......#
####...#.# ######.#)#.#


You could see an orc wizard.

Vanquished Creatures
  Crazy Yiuf (D:2)
  2 adders (D:2)
  4 worms (D:2)
  3 ball pythons
  3 giant cockroaches
  6 hobgoblins
  2 kobolds (D:2)
  5 bats
  4 frilled lizards
  19 goblins
49 creatures vanquished.

Notes
Turn   | Place    | Note
-------+----------+-------------------------------------------
     0 | D:1      | Alarkh the Demonspawn Fighter began the quest for the Orb.
     0 | D:1      | Reached XP level 1. HP: 18/18 MP: 1/1
    98 | D:1      | Reached skill level 2 in Unarmed Combat
   252 | D:1      | Gained mutation: You regenerate a little health from kills.
                  | [demonic ancestry]
   252 | D:1      | Reached XP level 2. HP: 20/24 MP: 2/2
   708 | D:2      | Found a snail-covered altar of Cheibriados.
   726 | D:2      | Reached skill level 3 in Unarmed Combat
   973 | D:2      | Reached XP level 3. HP: 20/29 MP: 3/3
  1078 | D:2      | HP: 1/29 [worm (8)]
  1694 | D:2      | Found a runed translucent door.
  1695 | D:2      | Noticed Crazy Yiuf
  2415 | D:2      | Killed Crazy Yiuf
  2415 | D:2      | Reached skill level 4 in Unarmed Combat
  2415 | D:2      | Gained mutation: You have a pair of small horns on your
                  | head. [demonic ancestry]
  2415 | D:2      | Reached XP level 4. HP: 35/35 MP: 4/4
  2519 | D:3      | Noticed Robin
  2917 | D:2      | HP: 1/35 [poisoned by an orc wizard]
  2918 | D:2      | Succumbed to an orc wizard's poison

Levels and vault maps discovered:
D:1:      sevenhm_arrival_forest_fort_large_4, layout_basic,
          minmay_shallow_snake_nest
D:2:      layout_basic, nicolae_overflow_crystal_walls, uniq_crazy_yiuf_cottage
D:3:      layout_rooms, grunt_temple_overflow_holy_war,
          gammafunk_ghost_cemetery, minmay_fractal_squares_diagonal_5,
          uniq_jessica, uniq_robin

Skill      XL: |  1  2  3 |
---------------+----------+-----
Unarmed Combat | 2 3 4 |  4.4
Fighting       | |  3.0
Armour         | |  2.6
Shields        | |  2.6

Action                   |  1- 3 |  4- 6 || total
-------------------------+-------+-------++-------
Melee: Unarmed           |   206 |    82 ||   288
       Headbutt          |       |     4 ||     4
  Use: Potion            |     2 |     5 ||     7
       Scroll            |     1 |       ||     1
 Stab: Invisible         |       |     3 ||     3
  Eat: Chunk             |     4 |     3 ||     7
Armor: Scale mail        |    78 |    57 ||   135
       Skin              |     2 |       ||     2
Dodge: Dodged            |    43 |    43 ||    86
Block: Kite shield       |    80 |    50 ||   130

Table legend:
 A = Non-vault XP
 B = Vault XP
 C = Vault XP percentage of total XP
 D = Non-vault monster count
 E = Vault monster count
 F = Vault count percentage of total count
                 A         B        C        D         E       F
            +---------+---------+-------+---------+---------+-------
      Total |      97 |      59 |  37.8 |      37 |      12 |  24.5
            +---------+---------+-------+---------+---------+-------
        D:1 |      15 |       2 |  11.8 |       9 |       1 |  10.0
        D:2 |      78 |      53 |  40.5 |      26 |       9 |  25.7
        D:3 |       4 |       4 |  50.0 |       2 |       2 |  50.0
            +---------+---------+-------+---------+---------+-------
